 Dungeon Crawl Stone Soup version 0.26.1-2-gb8aa6d0cf2 (webtiles) character file.

Game seed: 332650036950305776

487919 promet the Conqueror (level 24, -6/227 (249) HPs)
             Began as a Hill Orc Fighter on Mar 1, 2021.
             Was a High Priest of Wu Jian.
             Killed by the air
             ... invoked by a spriggan air mage
             ... led by the Enchantress
              (17 damage)
             ... on level 4 of the Depths on Mar 5, 2021.
             The game lasted 11:36:15 (74765 turns).

promet the Conqueror (Hill Orc Fighter)            Turns: 74765, Time: 11:36:16

HP:   -6/227 (249)  AC: 34    Str: 35    XL:     24   Next: 67%
MP:   23/23         EV: 11    Int: 10    God:    Wu Jian [*****.]
Gold: 2285          SH: 30    Dex:  9    Spells: 23/23 levels left

rFire    + . .     SeeInvis +   a - +6 broad axe "Ifeqebo" {pain, rF+ Str+5 Int-3 Dex-2}
rCold    + + .     Faith    .   c - +3 tower shield {AC+3}
rNeg     + . .     Spirit   .   U - +2 plate armour of Lugonu's Regard {rElec rN+ Dex-4 Slay+3}
rPois    .         Reflect  .   x - +2 hat
rElec    +         Harm     .   w - scarf {rC+ rF+}
rCorr    .         Rampage  +   q - +3 pair of gauntlets of War {Slay+5}
Will     .....     NoTele   +   G - +2 pair of boots of a treasure trove {rampage, Regen+ Stlth+}
Stlth    ..........             t - amulet of regeneration
HPRegen  1.27/turn              s - ring "Leucaq" {Ice +Blink Str+5 Dex+5}
MPRegen  0.18/turn              L - ring of see invisible

@: weak-willed, cannot translocate, very slightly contaminated, slowed, drained,
invisible, very slow
A: hooves 1, molten scales 1, thin skeletal structure 1, clever 1, clumsy 1,
mutation resistance 1, weak 1
}: 3/15 runes: barnacled, silver, gossamer
a: Renounce Religion, Evoke Blink, Wall Jump, Serpent's Lash, Heavenly Storm


You were on level 4 of the Depths.
You worshipped Wu Jian.
Wu Jian was extremely pleased with you.
You visited 8 branches of the dungeon, and saw 45 of its levels.
You visited 1 bazaar.

You collected 7296 gold pieces.
You spent 5011 gold pieces at shops.

Inventory:

Hand Weapons
 a - the +6 broad axe "Ifeqebo" (weapon) {pain, rF+ Str+5 Int-3 Dex-2}
   (You bought it in a shop on level 12 of the Dungeon)

   In the hands of one skilled in necromantic magic, it inflicts extra damage on
   living creatures.
   It affects your strength (+5).
   It affects your intelligence (-3).
   It affects your dexterity (-2).
   It protects you from fire.
 b - the +1 hand crossbow of Fafoyl {vorpal, rC- Will++}
   (You bought it in a shop on level 2 of the Orcish Mines)

   Any bolt fired from it inflicts extra damage.
   It makes you vulnerable to cold.
   It affects your willpower, your defense against some magical effects.
 h - a +4 scimitar of holy wrath
 p - the +4 dagger "Hecu" {vamp, rF+}
   (You found it on level 5 of the Vaults)

   It inflicts no extra harm, but heals its wielder when it wounds a living foe.
   It protects you from fire.
 u - a +1 eudemon blade of holy wrath
 B - a +5 demon blade of flaming
 C - a +4 eveningstar of flaming
 O - a +5 demon trident of freezing
Missiles
 f - 1943 bolts
 n - 89 poisoned darts
 J - 16 silver javelins (quivered)
 M - 8 curare-tipped darts
Armour
 c - a +3 tower shield of protection (worn)
 q - the +3 pair of gauntlets of War (worn) {Slay+5}
   (You found it on level 13 of the Dungeon)

   It affects your accuracy and damage with ranged weapons and melee attacks
   (+5).
 w - a scarf of resistance (worn)
 x - a +2 hat (worn)
 D - a +2 cloak
 G - the +2 pair of boots of a treasure trove (worn) {rampage, Regen+ Stlth+}
   (You found it on level 2 of the Spider Nest)

   It increases your rate of regeneration.
   It makes you more stealthy.
 U - the +2 plate armour of Lugonu's Regard (worn) {rElec rN+ Dex-4 Slay+3}
   (You bought it in a shop in a bazaar)

   It affects your dexterity (-4).
   It affects your accuracy and damage with ranged weapons and melee attacks
   (+3).
   It insulates you from electricity.
   It protects you from negative energy.
Jewellery
 i - the ring of Cyazip {rElec rN+ Dex+4 Stlth+}
   (You acquired it on level 15 of the Dungeon)

   [ring of stealth]

   It affects your dexterity (+4).
   It insulates you from electricity.
   It protects you from negative energy.
   It makes you more stealthy.
 k - an uncursed ring of positive energy
 m - the ring of Viruar {*Tele rF+ MP+9 Int+2 Dex+3}
   (You found it on level 2 of the Vaults)

   [ring of teleportation]

   It may teleport you next to monsters.
   It affects your intelligence (+2).
   It affects your dexterity (+3).
   It protects you from fire.
   It affects your magic capacity (+9).
 s - the ring "Leucaq" (left hand) {Ice +Blink Str+5 Dex+5}
   (You found it on level 4 of the Shoals)

   [ring of ice]

   It enhances your ice magic.
   It affects your strength (+5).
   It affects your dexterity (+5).
   It makes you vulnerable to fire.
   It protects you from cold.
   It lets you blink.
 t - an amulet of regeneration (around neck)
 E - an uncursed ring of resist corrosion
 L - a ring of see invisible (right hand)
 Q - a +4 ring of evasion
 S - an uncursed ring of flight
 X - an uncursed amulet of the acrobat
 Y - an uncursed ring of willpower
Wands
 y - a wand of disintegration (37)
 H - a wand of paralysis (4)
 R - a wand of random effects (47)
 V - a wand of iceblast (33)
 Z - a wand of acid (41)
Scrolls
 j - 16 scrolls of identify
 o - 8 scrolls of fear
 r - 10 scrolls of remove curse
 z - 10 scrolls of teleportation
 F - a scroll of summoning
 I - 2 scrolls of fog
 P - 4 scrolls of holy word
Potions
 d - 3 potions of might
 e - 4 potions of invisibility
 l - 5 potions of curing
 A - a potion of flight
 K - 4 potions of haste
 T - 5 potions of ambrosia
Miscellaneous
 g - a phantom mirror
 N - a condenser vane (inert)


   Skills:
 O Level 27 Fighting
 + Level 1.1(4.4) Short Blades
 * Level 7.4(7.5) Long Blades
 - Level 20.0(20.4) Axes
 + Level 5.0(12.6) Maces & Flails
 + Level 3.4(12.2) Polearms
 + Level 1.0(3.4) Slings
 + Level 6.7 Crossbows
 + Level 5.2(5.3) Throwing
 + Level 16.0 Armour
 + Level 5.3 Dodging
 + Level 2.9 Stealth
 + Level 23.6 Shields
 + Level 4.6 Evocations


You had 23 spell levels left.
You didn't know any spells.
Your spell library contained the following spells:

 Spells                   Type           Power        Failure   Level
 Apportation              Tloc           0%           88%         1
 Corona                   Hex            0%           88%         1
 Magic Dart               Conj           0%           88%         1
 Shock                    Conj/Air       0%           88%         1
 Sting                    Tmut/Pois      0%           88%         1
 Corpse Rot               Necr/Air       N/A          95%         2
 Ensorcelled Hibernation  Hex/Ice        0%           95%         2
 Poisonous Vapours        Pois/Air       0%           95%         2
 Searing Ray              Conj           0%           95%         2
 Swiftness                Air            0%           95%         2
 Confusing Touch          Hex            0%           99%         3
 Conjure Flame            Conj/Fire      0%           99%         3
 Dazzling Flash           Conj/Hex       0%           99%         3
 Gell's Gravitas          Tloc           0%           99%         3
 Ignite Poison            Fire/Tmut/Pois 0%           99%         3
 Inner Flame              Hex/Fire       0%           99%         3
 Lesser Beckoning         Tloc           0%           99%         3
 Mephitic Cloud           Conj/Pois/Air  0%           99%         3
 Portal Projectile        Hex/Tloc       0%           99%         3
 Static Discharge         Conj/Air       0%           99%         3
 Tukima's Dance           Hex            0%           99%         3
 Airstrike                Air            0%           100%        4
 Fulminant Prism          Conj/Hex       0%           100%        4
 Iskenderun's Mystic Bla  Conj/Tloc      0%           100%        4
 Olgreb's Toxic Radiance  Pois           0%           100%        4
 Petrify                  Tmut/Erth      0%           100%        4
 Agony                    Necr           0%           100%        5
 Alistair's Intoxication  Tmut/Pois      0%           100%        5
 Excruciating Wounds      Necr           0%           100%        5
 Lightning Bolt           Conj/Air       0%           100%        5
 Metabolic Englaciation   Hex/Ice        0%           100%        5
 Yara's Violent Unravell  Hex/Tmut       0%           100%        5
 Dispersal                Tloc           0%           100%        6
 Freezing Cloud           Conj/Ice/Air   0%           100%        6
 Invisibility             Hex            0%           100%        6
 Starburst                Conj/Fire      0%           100%        6
 Disjunction              Tloc           0%           100%        8


Dungeon Overview and Level Annotations

Branches:
Dungeon (15/15)            Temple (0/1) D:6            Lair (6/6) D:11
 Shoals (4/4) Lair:4       Spider (4/4) Lair:2        Slime (5/5) Lair:5
    Orc (2/2) D:12            Elf (0/3) Orc:2        Vaults (5/5) D:14
  Crypt (0/3) Vaults:3     Depths (4/5) D:15

Altars:
Dithmenos
Fedhas
Gozag
Hepliaklqana
Kikubaaqudgha
Makhleb
Ru
Sif Muna
Vehumet
Wu Jian
Xom
Yredelemnul
The Shining One
Beogh
Jiyva

Shops:
D:5 [   D:10 =}(   D:12 (   D:15 !   Orc:2 [[=(   Shoals:3 *   Vaults:1 [
Vaults:4 *   Vaults:5 [}!!:?!!!

Portals:
Hell: Depths:1 Depths:2 Depths:3 Depths:4
Abyss: Depths:2 Depths:3
Pandemonium: Depths:1 Depths:3
Ziggurat: Depths:4

Annotations:
Shoals:1 Roxanne
Depths:2 2 transporters
Depths:4 the Enchantress


Innate Abilities, Weirdness & Mutations

You have large cloven feet.
You are partially covered in molten scales. (AC +2)
You have a somewhat thin skeletal structure. (Dex +2, Stealth)
Your mind is acute. (Int +2)
You are clumsy. (Dex -2)
You are somewhat resistant to further mutation.
You are weak. (Str -2)


Message History

Things that are here:
a cursed +0 robe; a spriggan corpse You feel better.
The polar bear growls angrily.
The slime creature quivers. x2
The fire dragon roars deafeningly!
The death yak bellows!
You hear an angry growl.
You block the spriggan defender's attack.
You block the Enchantress's attack. The spriggan air mage hits you.
* * * LOW HITPOINT WARNING * * *
You block the spriggan defender's attack.
You block the Enchantress's attack.
You block the spriggan defender's attack.
You cannot teleport because you are locked down by a dimension anchor.
The polar bear growls angrily.
The slime creature quivers. x3
The death yak bellows!
The spriggan air mage waves its arms in wide circles.
The air twists around and strikes you!
You die...

#≈....####i# #)# #.#
#≈.... ...... #####.#
#.# #≈.TT. #..... ...#.#
#.# #≈?... #....
###/#$## #.# #≈.?..
###....##......## #.#
#TT≈≈.
.........R...#.#≈≈##N#
≈# §..§≈.≈§≈≈≈≈≈≈≈≈≈≈#.#
≈≈§§≈h≈≈≈≈≈≈i≈≈§≈≈.#≈≈≈§
.≈§≈§≈Y≈≈≈@ii≈.# #§≈≈
#...≈.i≈###.T.# #.#
.#..JT..# #DLNN###.# .#
.....JJ.##i#iD.....#
......D.)GJhh#.#####
.....J..2J.....≈≈#
.#############≈≈≈# ≈≈##
##


You could see the Enchantress (fast, repels missiles, invisible), a death yak
(summoned, wandering, berserk), a spriggan defender, a rakshasa, 2 salamanders,
3 slime creatures, a spriggan berserker, a spriggan air mage (repels missiles),
a deep troll earth mage, a deep troll shaman and a polar bear (summoned,
wandering, berserk).

Vanquished Creatures
  Dissolution (Slime:2)
  An ancient lich (Vaults:5)
  Mennas (Vaults:2)
  Margery (Vaults:3)
  Bai Suzhen (Vaults:3)
  A golden dragon (Vaults:5)
  Nikola (Spider:4)
  2 liches
  A Tzitzimitl (Depths:3)
  5 tentacled monstrosities
  The ghost of azarias the Eclecticist, an adept GrEE of Vehumet (Vaults:2)
  2 quicksilver dragons
  8 acid blobs
  3 sphinxes (Vaults:5)
  7 titans
  Polyphemus (Shoals:3)
  Frances (D:13)
  4 shadow dragons
  A kraken (Shoals:3)
  Kirke (Lair:4)
  Donald (Shoals:4)
  Agnes (Spider:2)
  2 tengu reavers
  Ilsuiw (Shoals:3)
  6 frost giants
  4 fire giants
  A storm dragon (Vaults:5)
  11 azure jellies
  3 ghost moths (Spider:4)
  2 orc warlords (Depths:1)
  Louise (Shoals:3)
  7 emperor scorpions
  Aizul (Vaults:1)
  13 vault wardens
  2 spriggan defenders (Depths:4)
  A reaper (Depths:1)
  11 very ugly things
  14 ironheart preservers
  16 stone giants
  4 vampire knights
  A lorocyproca (Depths:3)
  4 entropy weavers
  6 spark wasps
  A spark wasp (shapeshifter) (Vaults:5)
  4 merfolk javelineers
  4 ettins
  A crystal guardian (Vaults:4)
  Josephine (D:14)
  6 fire dragons
  9 merfolk impalers
  2 death oozes
  10 ogre magi
  4 deep elf high priests (Vaults:5)
  Erolcha (D:11)
  3 jiangshi (Depths:1)
  3 deep elf death magi
  18 yaktaur captains
  4 rakshasas
  9 great orbs of eyes
  The ghost of krixvar the Grappler, a novice TrBe of Trog (D:9)
  9 hydras
  7 boulder beetles
  28 vault guards
  A death knight (Vaults:5)
  7 ice dragons
  7 merfolk avatars
  2 spriggan air magi
  3 merfolk aquamancers
  12 centaur warriors
  25 two-headed ogres
  4 catoblepae
  A satyr (Shoals:3)
  12 deep troll shamans
  3 tengu warriors (Depths:1)
  3 alligator snapping turtles (Shoals:4)
  2 small abominations
  2 vampire magi
  19 death yaks
  An orc high priest (Depths:1)
  11 deep troll earth magi
  3 deep elf knights
  Sonja (D:13)
  4 hell knights (Vaults:3)
  A death drake (shapeshifter) (Depths:2)
  2 fire crabs (shapeshifter)
  4 iron trolls (Depths:1)
  11 sea snakes
  6 shadow wraiths
  A glowing orange brain (shapeshifter) (Vaults:5)
  3 shadow demons (Depths:3)
  3 unseen horrors
  Pikel (D:6)
  39 deep trolls
  7 glowing orange brains
  3 deep elf archers
  An infernal demonspawn (Depths:3)
  14 orc knights
  A kraken simulacrum (Shoals:4)
  26 harpies
  3 wizards
  14 ironbrand convokers
  3 phantasmal warriors
  3 necromancers
  16 orb spiders
  An oklob plant (Lair:2)
  4 deep elf magi
  A wolf spider (shapeshifter) (Vaults:5)
  31 ugly things
  15 wolf spiders
  4 orc sorcerers
  4 shining eyes
  8 cyclopes
  3 fauns (Shoals:3)
  13 manticores
  13 elephants
  A rust devil (Depths:1)
  3 large abominations (Vaults:4)
  2 moths of wrath
  11 merfolk sirens
  16 vault sentinels
  4 black mambas
  2 torpor snails
  2 water nymphs
  8 cane toads
  An orange demon (Depths:1)
  A water nymph (shapeshifter) (Vaults:4)
  A cane toad (shapeshifter) (D:14)
  A storm dragon simulacrum (Vaults:3)
  A yaktaur zombie (Vaults:4)
  13 demonic crawlers
  5 rime drakes
  9 komodo dragons
  A kobold demonologist (D:14)
  2 freezing wraiths (Vaults:4)
  2 human zombies (Vaults:4)
  57 yaktaurs
  2 ice devils (Depths:1)
  3 tengu conjurers
  22 merfolk
  A wind drake (shapeshifter) (Vaults:3)
  A polar bear (shapeshifter) (D:14)
  A meliai (shapeshifter) (Vaults:2)
  22 hornets
  6 polar bears
  9 trolls
  3 wolf spider simulacra (D:13)
  A troll (shapeshifter) (Vaults:4)
  Prince Ribbit (D:7)
  8 wind drakes
  26 jumping spiders
  119 slime creatures
  17 blink frogs
  2 raiju (shapeshifter)
  7 snapping turtles
  31 redbacks
  2 vampires
  A stone giant simulacrum (Vaults:4)
  6 shadows
  15 tarantellas
  A tarantella (shapeshifter) (Vaults:4)
  35 yaks
  8 water elementals
  6 wyverns
  2 ynoxinuls
  A human (Lair:4)
  2 basilisks
  7 wraiths
  A human (shapeshifter) (Vaults:2)
  Eustachio (D:4)
  6 vampire mosquitoes
  A yaktaur simulacrum (Vaults:2)
  9 golden eyes
  3 hogs (Lair:4)
  2 neqoxecs (Depths:3)
  6 wargs
  3 acid dragons
  16 water moccasins
  Duvessa (D:6)
  18 ice beasts
  A floating eye (shapeshifter) (Vaults:5)
  A floating eye (Depths:2)
  54 orc warriors
  7 sky beasts
  A meliai simulacrum (D:13)
  A hornet zombie (D:12)
  3 black bears
  An eye of draining (shapeshifter) (Vaults:3)
  A boulder beetle simulacrum (Vaults:1)
  A necrophage (D:10)
  4 eyes of draining
  4 phantoms
  28 ogres
  14 boggarts
  31 centaurs
  11 wolves
  2 human skeletons (Vaults:3)
  An elf simulacrum (Vaults:1)
  A lemure (D:5)
  3 big kobolds
  A wyvern zombie (D:9)
  Blork the orc (D:8)
  21 bullfrogs
  6 scorpions
  Dowan (D:6)
  13 killer bees
  24 wights
  5 electric eels
  9 howler monkeys
  2 crimson imps (Depths:1)
  2 lava snakes
  A human simulacrum (Vaults:1)
  2 quasits
  4 centaur skeletons
  7 hounds
  14 jellies
  32 orc wizards
  A bullfrog skeleton (D:13)
  16 orc priests
  3 iron imps (Depths:1)
  Ijyb (D:4)
  3 iguanas
  3 worker ants
  2 bullfrog simulacra (D:13)
  2 hound zombies
  A worker ant zombie (D:10)
  11 adders
  An adder (shapeshifter) (Depths:3)
  2 shadow imps
  10 white imps
  4 ufetubi
  2 adder skeletons
  3 worms
  A dart slug (D:1)
  7 leopard geckos
  135 orcs
  3 bat skeletons (D:4)
  A bat zombie (D:4)
  8 giant cockroaches
  14 goblins
  15 hobgoblins
  16 jackals
  23 kobolds
  4 quokkas
  7 bats
  4 frilled lizards
  A leopard gecko skeleton (D:5)
  2 quokka skeletons (D:4)
  10 rats
  4 crawling corpses
  4 tentacles (Shoals:3)
1881 creatures vanquished.

Vanquished Creatures (collateral kills)
  An orc warrior (Orc:2)
  3 centaurs (Orc:2)
  An orc wizard (D:4)
  A leopard gecko (D:4)
  3 orcs
9 creatures vanquished.

Vanquished Creatures (others)
  Asterion (Vaults:2)
  A deep elf knight (Vaults:4)
  A wolf spider (Spider:2)
  A tengu conjurer (Depths:1)
  A yak (D:13)
  An orc warrior (Orc:2)
  A centaur (Orc:2)
  An orc priest (D:4)
  4 orcs
  A fire vortex (Lair:6)
  42 fungi
  6 pillars of salt (Vaults:1)
  192 plants
  6 tentacles (Shoals:4)
259 creatures vanquished.

Grand Total: 2149 creatures vanquished

Notes
Turn   | Place    | Note
-------+----------+-------------------------------------------
     0 | D:1      | promet the Hill Orc Fighter began the quest for the Orb.
     0 | D:1      | Reached XP level 1. HP: 19/19 MP: 1/1
    41 | D:1      | Reached XP level 2. HP: 26/27 MP: 2/2
   228 | D:1      | Reached skill level 4 in Fighting
   698 | D:1      | Reached XP level 3. HP: 33/33 MP: 3/3
  1398 | D:2      | Reached XP level 4. HP: 32/41 MP: 4/4
  1684 | D:2      | Found a hazy altar of Hepliaklqana.
  1684 | D:2      | Found a radiant altar of Vehumet.
  1685 | D:2      | Found a sacrificial altar of Ru.
  1983 | D:2      | Reached skill level 13 in Fighting
  1983 | D:2      | Reached XP level 5. HP: 66/66 MP: 5/5
  2449 | D:3      | Reached XP level 6. HP: 73/73 MP: 6/6
  3280 | D:3      | Found an ornate altar of the Wu Jian Council.
  3296 | D:3      | Became a worshipper of the Wu Jian Council
  4240 | D:4      | Noticed Eustachio
  4713 | D:4      | Killed Eustachio
  4714 | D:4      | Reached XP level 7. HP: 58/80 MP: 7/7
  4855 | D:4      | Found an ancient bone altar of Kikubaaqudgha.
  4912 | D:4      | Reached * piety under Wu Jian
  5224 | D:5      | Entered Level 5 of the Dungeon
  5385 | D:5      | Noticed Ijyb
  5388 | D:5      | Reached skill level 5 in Axes
  5388 | D:5      | Paralysed by Ijyb for 4 turns
  5397 | D:4      | Paralysed by Ijyb for 7 turns
  5404 | D:4      | Killed Ijyb
  5837 | D:5      | Found a blossoming altar of Fedhas.
  5889 | D:5      | Found Visuof's Armour Emporium.
  5906 | D:5      | Bought a +1 cloak for 126 gold pieces
  7094 | D:6      | Noticed Pikel
  7130 | D:6      | Found a staircase to the Ecumenical Temple.
  7241 | D:6      | Noticed Dowan
  7244 | D:6      | Noticed Duvessa
  7250 | D:6      | Reached XP level 8. HP: 86/88 MP: 8/8
  7264 | D:6      | Killed Dowan
  7266 | D:6      | Killed Duvessa
  7267 | D:6      | Reached skill level 1 in Dodging
  7380 | D:6      | Reached ** piety under Wu Jian
  7714 | D:6      | Reached skill level 14 in Fighting
  7936 | D:6      | Reached skill level 5 in Armour
  7936 | D:6      | Reached skill level 5 in Shields
  7944 | D:6      | Reached XP level 9. HP: 81/95 MP: 9/9
  8046 | D:6      | Killed Pikel
  8331 | D:7      | Noticed Prince Ribbit
  8347 | D:7      | Killed Prince Ribbit
  8632 | D:7      | Found a shimmering blue altar of Sif Muna.
  8930 | D:7      | Reached *** piety under Wu Jian
  8931 | D:7      | Reached XP level 10. HP: 104/104 MP: 10/10
  9136 | D:8      | Noticed Blork the orc
  9262 | D:8      | Killed Blork the orc
  9752 | D:8      | Found a flagged portal.
  9872 | D:8      | Reached skill level 10 in Axes
 10383 | D:8      | Reached skill level 15 in Fighting
 10535 | D:8      | Found a glowing golden altar of the Shining One.
 10538 | D:8      | Noticed an angel
 10543 | D:8      | Found a basalt altar of Yredelemnul.
 10546 | D:8      | Noticed a profane servitor
 10729 | D:9      | Found an opulent altar of Gozag.
 10765 | D:9      | Reached skill level 1 in Throwing
 10840 | D:9      | Reached **** piety under Wu Jian
 11620 | D:9      | Found a runed translucent gate.
 11620 | D:9      | Found a runed translucent gate.
 11621 | D:9      | Found a runed translucent gate.
 11642 | D:9      | Found an opulent altar of Gozag.
 11644 | D:9      | Noticed a five-headed hydra
 11644 | D:9      | Noticed krixvar's ghost (novice TrBe)
 12024 | D:9      | Reached XP level 11. HP: 112/112 MP: 11/11
 12096 | D:9      | Found a burning altar of Makhleb.
 12240 | D:10     | Entered Level 10 of the Dungeon
 12440 | D:10     | Found Ciaxown's Jewellery Shoppe.
 12555 | D:10     | Bought a +4 ring of evasion for 504 gold pieces
 12574 | D:10     | Found a shimmering altar of Xom.
 12625 | D:10     | Noticed a two-headed ogre
 12630 | D:10     | Killed a two-headed ogre
 12842 | D:10     | Found Kohem's Weapon Emporium.
 12864 | D:10     | Found Dunur's Gadget Boutique.
 13230 | D:11     | Noticed a boulder beetle
 13246 | D:11     | Killed a boulder beetle
 13529 | D:11     | Reached ***** piety under Wu Jian
 13645 | D:11     | Noticed a white ugly thing
 13662 | D:11     | Killed a white ugly thing
 13678 | D:11     | Noticed a two-headed ogre
 13682 | D:11     | Found a staircase to the Lair.
 13695 | D:11     | Killed a two-headed ogre
 13768 | D:11     | Noticed Erolcha
 13801 | D:11     | Killed Erolcha
 13802 | D:11     | Reached XP level 12. HP: 111/122 MP: 3/12
 14151 | D:11     | Reached skill level 16 in Fighting
 15052 | Lair:1   | Entered Level 1 of the Lair of Beasts
 16417 | Lair:2   | Reached skill level 15 in Axes
 16707 | Lair:2   | Found a hole to the Spider Nest.
 17206 | Lair:2   | Gained mutation: You expend magic power (3 MP) to
                  | strengthen your wands. [potion of mutation]
 17206 | Lair:2   | Lost mutation: You expend magic power (3 MP) to strengthen
                  | your wands. [potion of mutation]
 17206 | Lair:2   | Gained mutation: You are clumsy. (Dex -2) [potion of
                  | mutation]
 17206 | Lair:2   | Gained mutation: Your flesh is cold resistant. (rC+)
                  | [potion of mutation]
 17207 | Lair:2   | Lost mutation: You are clumsy. (Dex -2) [potion of
                  | mutation]
 17207 | Lair:2   | Gained mutation: Armour fits poorly on your strangely
                  | shaped body. [potion of mutation]
 17207 | Lair:2   | Gained mutation: You are partially covered in icy blue
                  | scales. (AC +2) [potion of mutation]
 17208 | Lair:2   | Lost mutation: Armour fits poorly on your strangely shaped
                  | body. [potion of mutation]
 17208 | Lair:2   | Lost mutation: Your flesh is cold resistant. (rC+) [potion
                  | of mutation]
 17208 | Lair:2   | Gained mutation: You have a pair of small horns on your
                  | head. [potion of mutation]
 17208 | Lair:2   | Gained mutation: You evolve. [potion of mutation]
 17208 | Lair:2   | Gained mutation: You are partially covered in molten
                  | scales. (AC +2) [potion of mutation]
 17470 | Lair:3   | Reached skill level 1 in Stealth
 17865 | Lair:3   | Lost mutation: You have a pair of small horns on your head.
                  | [evolution]
 18025 | Lair:3   | Noticed a four-headed hydra
 18041 | Lair:3   | Killed a four-headed hydra
 18042 | Lair:3   | Reached XP level 13. HP: 85/130 MP: 13/13
 18545 | Lair:4   | Noticed Kirke
 18560 | Lair:4   | Killed Kirke
 18561 | Lair:4   | Reached skill level 1 in Maces & Flails
 18730 | Lair:4   | Found a staircase to the Shoals.
 19808 | Lair:5   | Reached skill level 17 in Fighting
 20165 | Lair:5   | You fall into a shaft and drop 1 floor!
 20165 | Lair:6   | Entered Level 6 of the Lair of Beasts
 20291 | Lair:5   | Found a staircase to the Slime Pits.
 20292 | Lair:5   | Found a viscous altar of Jiyva.
 21433 | Lair:6   | Reached skill level 1 in Long Blades
 21439 | Lair:6   | Reached XP level 14. HP: 96/140 MP: 14/14
 22044 | Lair:6   | Reached skill level 18 in Fighting
 22762 | Lair:6   | Reached skill level 10 in Armour
 23119 | Lair:6   | Gained mutation: Your muscles are strong. (Str +2)
                  | [evolution]
 23558 | Lair:6   | Got a bloodstained halberd
 23564 | Lair:6   | Identified the +5 halberd "Rorres" {vamp, *Drain rF+++
                  | Will+++ Str-2 Dex+2} (You found it on level 6 of the Lair
                  | of Beasts)
 24309 | D:11     | Reached skill level 1 in Slings
 24431 | D:12     | Found Muxtong's Weapon Shoppe.
 24727 | D:12     | Found a staircase to the Orcish Mines.
 25247 | D:10     | Bought a condenser vane for 480 gold pieces
 25313 | Orc:1    | Entered Level 1 of the Orcish Mines
 25343 | Orc:1    | Reached skill level 10 in Shields
 25345 | Orc:1    | Reached ****** piety under Wu Jian
 25390 | Orc:1    | Reached XP level 15. HP: 143/151 MP: 15/15
 25480 | Orc:1    | Found a roughly hewn altar of Beogh.
 25527 | Orc:2    | Entered Level 2 of the Orcish Mines
 25814 | Orc:1    | Reached skill level 19 in Fighting
 26589 | Orc:2    | Found a staircase to the Elven Halls.
 26713 | Orc:2    | Reached skill level 1 in Evocations
 27566 | Orc:2    | Identified a scroll of acquirement
 27566 | Orc:2    | Acquired 844 gold pieces
 27665 | Orc:2    | Found Qubrekiff's Jewellery Emporium.
 27665 | Orc:2    | Found Juufeyn's Armour Boutique.
 27668 | Orc:2    | Found Luuhat's Armour Shop.
 27670 | Orc:2    | Found Seseonn's Antique Weapon Shoppe.
 27868 | Orc:2    | Bought a glowing broad axe for 224 gold pieces
 27868 | Orc:2    | Bought a polished hand crossbow for 272 gold pieces
 27873 | Orc:2    | Identified the cursed +1 hand crossbow of Fafoyl {vorpal,
                  | rC- Will++} (You bought it in a shop on level 2 of the
                  | Orcish Mines)
 28283 | Orc:1    | Reached skill level 1 in Crossbows
 28749 | Orc:2    | Bought the +5 chain mail "Rewinial" {rF+ rC+ Will++ Dex-3}
                  | for 736 gold pieces
 28812 | D:13     | Noticed Sonja
 28819 | D:13     | Killed Sonja
 28993 | D:13     | Noticed Frances
 29015 | D:13     | Killed Frances
 29032 | D:13     | Found a frozen archway.
 29204 | D:13     | Found the +3 pair of gauntlets of War {Slay+5}
 30016 | D:13     | Identified the +0 pair of boots "Ycaom" {+Fly Str+2 Dex-2}
                  | (You found it on level 13 of the Dungeon)
 30221 | D:14     | Noticed Josephine
 30235 | D:14     | Killed Josephine
 30409 | D:14     | Found a gate to the Vaults.
 30869 | D:14     | Reached XP level 16. HP: 162/162 MP: 16/16
 30906 | D:14     | Found an ornate altar of the Wu Jian Council.
 31238 | D:14     | Reached skill level 20 in Fighting
 31316 | D:15     | Entered Level 15 of the Dungeon
 31347 | D:15     | Found a basalt altar of Yredelemnul.
 31733 | D:15     | Acquired the ring of Cyazip {rElec rN+ Dex+4 Stlth+}
 31833 | D:12     | Bought the +6 broad axe "Ifeqebo" {pain, rF+ Str+5 Int-3
                  | Dex-2} for 810 gold pieces
 32397 | D:15     | Found Onnoj's Distillery.
 32416 | D:15     | Bought a potion of heal wounds for 50 gold pieces
 32416 | D:15     | Bought a potion of invisibility for 80 gold pieces
 32511 | D:15     | Found a staircase to the Depths.
 33243 | Shoals:1 | Entered Level 1 of the Shoals
 33281 | Shoals:1 | Identified Roxanne's Grimoire of the Gravedigger
 33281 | Shoals:1 | Noticed Roxanne
 34585 | D:9      | Killed krixvar's ghost
 34983 | Shoals:1 | You fall into a shaft and drop 1 floor!
 37584 | Shoals:3 | Identified the +6 great sword of Income {vorpal, rElec}
                  | (You found it on level 3 of the Shoals)
 37771 | Shoals:3 | Noticed Polyphemus
 37786 | Shoals:3 | Reached XP level 17. HP: 147/172 MP: 17/17
 37792 | Shoals:3 | Found Direh's Mass Market.
 37793 | Shoals:3 | Noticed a kraken
 38572 | Shoals:3 | Killed Polyphemus
 38576 | Shoals:3 | Reached skill level 21 in Fighting
 38653 | Shoals:3 | Noticed Ilsuiw
 38672 | Shoals:3 | Killed Ilsuiw
 38740 | Shoals:3 | Bought a +0 tower shield for 67 gold pieces
 38755 | Shoals:3 | Killed a kraken
 39136 | Shoals:4 | Entered Level 4 of the Shoals
 39582 | Shoals:4 | Identified the Compendium of Fire
 39622 | Shoals:4 | Noticed Donald
 39639 | Shoals:4 | Killed Donald
 39991 | Shoals:4 | Noticed Louise
 40020 | Shoals:3 | Killed Louise
 40178 | Shoals:4 | Reached skill level 1 in Polearms
 40617 | Shoals:4 | Identified the ring "Leucaq" {Ice +Blink Str+5 Dex+5} (You
                  | found it on level 4 of the Shoals)
 41686 | Shoals:4 | Lost mutation: Your muscles are strong. (Str +2)
                  | [evolution]
 41947 | Shoals:4 | Got a barnacled rune of Zot
 42697 | Spider:1 | Entered Level 1 of the Spider Nest
 43347 | Spider:2 | Noticed Agnes
 43359 | Spider:2 | Killed Agnes
 44018 | Spider:2 | Reached XP level 18. HP: 160/183 MP: 18/18
 44184 | Spider:2 | Found a transporter.
 44186 | Spider:2 | Found a transporter.
 45268 | Spider:4 | Entered Level 4 of the Spider Nest
 45461 | Spider:4 | Reached skill level 22 in Fighting
 46013 | Spider:4 | Noticed Nikola
 46040 | Spider:4 | Killed Nikola
 47034 | Spider:4 | Reached skill level 15 in Shields
 47333 | Spider:4 | Got a gossamer rune of Zot
 47615 | Spider:1 | Gained mutation: You have a somewhat thin skeletal
                  | structure. (Dex +2, Stealth) [evolution]
 49317 | Spider:2 | Got the +2 pair of boots of a treasure trove {rampage,
                  | Regen+ Stlth+}
 49739 | Vaults:1 | Entered Level 1 of the Vaults
 49755 | Vaults:1 | Found Agiach's Armour Boutique.
 50052 | Vaults:1 | Acquired a +2 tower shield of protection
 50437 | Vaults:1 | Reached XP level 19. HP: 159/193 MP: 19/19
 50917 | Vaults:1 | Noticed Aizul
 50951 | Vaults:1 | Killed Aizul
 52563 | Vaults:2 | Reached skill level 23 in Fighting
 53228 | Vaults:2 | Noticed Asterion
 53239 | Vaults:2 | Killed Asterion
 53288 | Vaults:2 | Identified the ring of Viruar {*Tele rF+ MP+9 Int+2 Dex+3}
                  | (You found it on level 2 of the Vaults)
 53421 | Vaults:2 | Noticed Mennas
 53447 | Vaults:2 | Killed Mennas
 53906 | Vaults:2 | Found a runed translucent door.
 53906 | Vaults:2 | Noticed azarias's ghost (adept GrEE)
 53946 | Vaults:2 | Killed azarias's ghost
 54276 | Vaults:2 | Gained mutation: Your mind is acute. (Int +2) [evolution]
 54734 | Vaults:3 | Reached XP level 20. HP: 176/204 MP: 18/20
 54912 | Vaults:3 | Identified the +7 battleaxe of Conscience {antimagic, rF-
                  | Dex+4} (You found it on level 3 of the Vaults)
 55579 | Vaults:3 | Noticed Margery
 55971 | Vaults:3 | Found a basalt altar of Yredelemnul.
 56092 | Vaults:3 | Found a staircase to the Crypt.
 56159 | Vaults:3 | Killed Margery
 56397 | Vaults:3 | Noticed Bai Suzhen
 56420 | Vaults:3 | Killed Bai Suzhen
 56741 | Vaults:4 | Reached skill level 24 in Fighting
 57147 | Vaults:4 | Reached skill level 5 in Maces & Flails
 57346 | Vaults:4 | Reached XP level 21. HP: 215/215 MP: 21/21
 57524 | Vaults:4 | Lost mutation: You evolve. [evolution]
 57571 | Vaults:4 | Identified the Almanac of Darkness
 57697 | Vaults:4 | Found Teib's General Store.
 57700 | Vaults:4 | Bought a potion of invisibility for 152 gold pieces
 58382 | Vaults:4 | Reached skill level 5 in Crossbows
 58692 | Vaults:5 | Entered Level 5 of the Vaults
 59070 | Vaults:5 | Reached skill level 25 in Fighting
 60246 | Vaults:4 | Reached XP level 22. HP: 178/226 MP: 22/22
 60486 | Vaults:5 | Noticed an ancient lich
 60503 | Vaults:5 | Killed an ancient lich
 60666 | Vaults:5 | Reached skill level 5 in Dodging
 60941 | Vaults:5 | Reached skill level 5 in Long Blades
 60967 | Vaults:5 | Noticed a golden dragon
 60983 | Vaults:5 | Killed a golden dragon
 61204 | Vaults:5 | Found Uskius's Gadget Shop.
 61223 | Vaults:5 | Found Lufimor's Antique Armour Emporium.
 61890 | Vaults:5 | Got an encrusted dagger
 61891 | Vaults:5 | Identified the +4 dagger "Hecu" {vamp, rF+} (You found it
                  | on level 5 of the Vaults)
 61910 | Vaults:5 | Found Irucekue's Magic Scroll Shoppe.
 61922 | Vaults:5 | Found Hushiec's Distillery.
 61953 | Vaults:5 | Found Zip Lian's Distillery.
 61955 | Vaults:5 | Found Yliherhea's Distillery.
 61973 | Vaults:5 | Bought a potion of invisibility for 112 gold pieces
 61973 | Vaults:5 | Bought 2 potions of invisibility for 224 gold pieces
 61990 | Vaults:5 | Found Elaofoal's Distillery.
 61992 | Vaults:5 | Found Emiegaany's Distillery.
 62052 | Vaults:5 | Bought a scroll of teleportation for 42 gold pieces
 62052 | Vaults:5 | Bought a scroll of teleportation for 42 gold pieces
 62066 | Vaults:5 | Bought a potion of heal wounds for 80 gold pieces
 62078 | Vaults:5 | Bought a potion of heal wounds for 65 gold pieces
 62134 | Vaults:5 | Reached skill level 1 in Short Blades
 62144 | Vaults:5 | Reached skill level 26 in Fighting
 62425 | Vaults:5 | Found Doatefee's Book Shoppe.
 62435 | Vaults:5 | Got a silver rune of Zot
 62875 | Depths:1 | Entered Level 1 of the Depths
 63053 | Depths:1 | Found a gateway to Hell.
 63676 | Depths:1 | Reached XP level 23. HP: 235/237 MP: 23/23
 64064 | Depths:1 | Found a runed translucent door.
 64533 | Depths:1 | Found a one-way gate leading to the halls of Pandemonium.
 64992 | Depths:1 | Found a roughly hewn altar of Beogh.
 65296 | D:10     | Bought an uncursed ring of resist corrosion for 280 gold
                  | pieces
 65492 | Slime:1  | Entered Level 1 of the Pits of Slime
 65811 | Slime:2  | Noticed Dissolution
 65815 | Slime:2  | Paralysed by a floating eye for 2 turns
 65817 | Slime:2  | Killed Dissolution
 65818 | Slime:2  | Reached skill level 5 in Throwing
 66504 | Slime:3  | Gained mutation: You are clumsy. (Dex -2) [a shining eye]
 67148 | Slime:4  | Reached skill level 27 in Fighting
 67381 | Slime:4  | Reached skill level 15 in Armour
 67515 | Slime:5  | Entered Level 5 of the Pits of Slime
 67935 | Vaults:5 | Bought a scroll of magic mapping for 49 gold pieces
 69317 | Slime:1  | Reached XP level 24. HP: 243/249 MP: 23/23
 69330 | Slime:1  | Gained mutation: Your body sometimes deteriorates upon
                  | taking damage. [a shining eye]
 69333 | Slime:1  | Gained mutation: You are weak. (Str -2) [a shining eye]
 69335 | Slime:1  | Gained mutation: You are frail. (-10% HP) [a shining eye]
 69344 | Slime:1  | Gained mutation: You have large cloven feet. [a shining
                  | eye]
 69941 | Depths:2 | Found a one-way gate to the infinite horrors of the Abyss.
 70282 | Depths:2 | Paralysed by a great orb of eyes for 3 turns
 71067 | Depths:2 | Found a transporter.
 71150 | Depths:2 | Found a transporter.
 71481 | Depths:3 | Found a flickering gateway to a bazaar.
 71491 | Bazaar   | Entered a bazaar
 71513 | Bazaar   | Found Naluodok's Assorted Antiques.
 71514 | Bazaar   | Found Soedaad's Distillery.
 71573 | Bazaar   | Found Poynok's Antique Weapon Emporium.
 71574 | Bazaar   | Found Cygeuts's Book Emporium.
 71652 | Bazaar   | Bought a slimy plate armour for 616 gold pieces
 71710 | Depths:3 | Identified the +2 plate armour of Lugonu's Regard {rElec
                  | rN+ Dex-4 Slay+3} (You bought it in a shop in a bazaar)
 71868 | D:12     | Lost mutation: Your body sometimes deteriorates upon taking
                  | damage. [potion of mutation]
 71868 | D:12     | Lost mutation: You are frail. (-10% HP) [potion of
                  | mutation]
 71868 | D:12     | Lost mutation: You are partially covered in icy blue
                  | scales. (AC +2) [potion of mutation]
 71868 | D:12     | Gained mutation: You are somewhat resistant to further
                  | mutation. [potion of mutation]
 73827 | Depths:3 | Identified the ring "Kuiha" {*Slow rPois rC+ Stlth+}
 73835 | Depths:3 | Found a shadowy altar of Dithmenos.
 74669 | Depths:4 | Found a gateway to a ziggurat.
 74718 | Depths:4 | Noticed the Enchantress
 74761 | Depths:4 | HP: 11/226 [the Enchantress/+3 rapier of speed (13)]
 74765 | Depths:4 | Killed from afar by a spriggan air mage

Illustrated notes

Levels and vault maps discovered:
D:1:      amcnicky_arrival_feature_with_door, layout_loops_corners,
          hangedman_decor_lopped, serial_bayou_pond_d
D:2:      layout_loops_ring, chequers_temple_overflow_statue_of_worship
D:3:      layout_basic, nzn_wu_jian_council_hall, chequers_serial_rivers_marsh
D:4:      layout_basic, kennysheep_vampire_church, uniq_eustachio
D:5:      layout_layer_cave, basic_altar, serial_shops, shop,
          gup_sewer_entry_bubbles, hangedman_abyss_or_decor_passed, uniq_ijyb
D:6:      layout_gridville, minmay_temple_entry_junction, uniq_pikel,
          uniq_duvessa
D:7:      layout_loops_ring, marbit_many_paths, grunt_decor_one_mirror,
          uniq_prince_ribbit1
D:8:      layout_loops_corners, grunt_temple_overflow_holy_war, enter_bailey_3,
          sword_in_stone
D:9:      layout_small_grid, lemuel_crystal_altar,
          lemuel_coloured_pillars_altar, ebering_ghost_gozag
D:10:     layout_roguey, serial_shops, shop_fountains, nicolae_shop_stone, shop,
          kennysheep_flooded_box
D:11:     layout_cave_pods, david_lair_generic, serial_column_ruins,
          column_ruins_square_medium, column_ruins_columns_straight,
          column_ruins_open_small, column_ruins_open_small, uniq_erolcha
D:12:     layout_cave_pools, david_orc_2, serial_shops, shop_fountains,
          minmay_checkerbox
D:13:     layout_roguey, serial_ice, serial_ice_k, serial_ice_n, serial_ice_g,
          serial_ice_e, serial_ice_b, serial_ice_m, serial_ice_f, serial_ice_a,
          serial_ice_o, serial_ice_d, portal_ice_cave_entry_ice_beasts,
          kennysheep_generic_room_2, uniq_sonja, uniq_frances
D:14:     layout_gridville, lightli_vaults_fourway_checkpoint, basic_altar,
          grunt_decor_junction, uniq_josephine
D:15:     grunt_enter_depths_hoard, layout_grid_maze, serial_shops,
          nicolae_shop_window_shopping, kennysheep_doodads,
          yredelemnul_altar_generic
Lair:1:   layout_regular_city, cheibrodos_lair_lostbears, grunt_megastairs_3
Lair:2:   layout_gridlike, nicolae_spider_entry_orb_guardian,
          minmay_lair_oklob_chamber, grunt_megastairs_1
Lair:3:   layout_misc_corridors, serial_rivers, chequers_serial_rivers_marsh,
          chequers_serial_rivers_micro_c, chequers_serial_rivers_small_b,
          chequers_serial_rivers_small_3, chequers_serial_rivers_room_b,
          serial_bayou_shore_b, grunt_megastairs_2, lemuel_fruit_tree
Lair:4:   layout_cave_pods, minmay_shoals_entry_lonely_mermaid, uniq_kirke
Lair:5:   layout_cellular_growth, slime_altar_1
Lair:6:   gammafunk_lair_ancient_temple, layout_gridlike, serial_bayou_lagoon_a,
          lemuel_another_geyser
Shoals:1: layout_shoals, nicolae_shoals_flooded_hall, uniq_roxanne
Shoals:2: layout_shoals
Shoals:3: layout_shoals, minmay_shop_mass, uniq_ilsuiw, uniq_polyphemus
Shoals:4: shoals_end_grunt_ice, layout_shoals, uniq_donald, uniq_louise
Spider:1: layout_spider_delve, drop_trap
Spider:2: gammafunk_boulding_lane, uniq_agnes
Spider:3: layout_spider_delve
Spider:4: spider_rune_water, uniq_nikola
Slime:1:  layout_caves, cheibrodos_slime_lost_civilization_4
Slime:2:  layout_caves, dissolution_awaits
Slime:3:  nicolae_slime_jelly_donut, layout_caves
Slime:4:  layout_caves
Slime:5
Orc:1:    cheibrodos_orc_bank, layout_caves, mines2_david
Orc:2:    st_orc_rangers, layout_caves, guppyfry_library_mini
Vaults:1: hangedman_vaults_river_flow, v_misc_27, v_misc_27,
          hangedman_vaults_locks, nicolae_vaults_circle_grid_a,
          vaults_mumra_minichess, grunt_vaults_twisty, nicolae_vaults_asterisk,
          nicolae_vaults_little_squares_1, layout_vaults_ring,
          portal_desolation_entry_garden, serial_shops, shop, uniq_aizul
Vaults:2: gammafunk_vaults_ghost_grave, v_rooms_4, nicolae_vaults_puzzle_piece,
          ontoclasm_vaults_ring_square, v_misc_18, v_misc_26,
          vaults_standard_mumra_enter_the_diamond, grunt_vaults_focal,
          nicolae_vaults_angled_halls, v_misc_26,
          ontoclasm_vaults_claustrophobia, ontoclasm_vaults_gateway,
          vaults_dpeg_encased_lava, layout_vaults_big_cross, uniq_mennas,
          uniq_asterion
Vaults:3: hangedman_vaults_unwind, vaults_mumra_hexcomb, v_misc_28,
          hangedman_vaults_stretched_pinwheel, st_lattice,
          nicolae_vaults_angled_halls, nicolae_vaults_angled_halls,
          vaults_room_corners, layout_vaults_big_room, basic_altar,
          uniq_margery, uniq_bai_suzhen
Vaults:4: ontoclasm_vaults_ligature, st_hourglassy, vaults_room_pool,
          v_alt_pattern_2, nicolae_vaults_triangles,
          nicolae_vaults_twisting_passages, hangedman_vaults_cutoff,
          nicolae_vaults_ring_of_whatevers, v_misc_25, vaults_room_pools,
          vaults_room_large_hall, hangedman_vaults_corner_blocks,
          nicolae_vaults_little_squares_4, vaults_mumra_chevron_long,
          layout_vaults_omnibox, serial_shops, nicolae_shop_behind_doors
Vaults:5: serial_shops
Depths:1: layout_gridlike, pf_hell_entry_tar_spiral, grunt_pan_entry_in_and_out,
          minmay_misc_feat_nine_boxes, lightli_church_of_beogh
Depths:2: emtedronai_trogs_sanctum, layout_honeycomb, pf_coc_iceberg,
          abyss_entry, dk_noncrumbling_4, st_stairs_9
Depths:3: regret_index_dithmenos_brocken_genspenst, layout_gridlike,
          hangedman_abyss_entry_splay, rand_demon_pan_entry_4,
          kennysheep_cross_room, hell_entry, serial_shops, bzr_entry_water,
          infiniplex_staircase_pillars_3b, serial_bayou_shore_b
Depths:4: lemuel_traditional_vault, layout_basic, enter_ziggurat_b, abyss_entry,
          hell_entry, kennysheep_opposing_triangles, uniq_enchantress

Skill      XL: |  1  2  3  4  5  6  7  8  9 10 11 12 13 14 15 16 17 18 19 20 21 22 23 24 |
---------------+-------------------------------------------------------------------------+-----
Axes           | 3 4 6 7 9 11 14 16 17 18 19 20 | 20.0
Fighting       | 4 13 14 15 16 17 18 19 20 21 22 23 24 25 26 27 | 27.0
Armour         | 4 5 6 8 9 10 11 12 13 14 15 16 | 16.0
Shields        | 4 5 6 7 8 10 11 12 14 15 17 18 20 21 22 23 | 23.6
Dodging        | 1 2 3 4 5 |  5.3
Throwing       | 1 2 3 4 5 |  5.2
Stealth        | 1 2 |  2.9
Maces & Flails | 1 2 5 |  5.0
Long Blades    | 1 3 4 5 7 |  7.4
Slings         | 1 |  1.0
Evocations     | 1 4 |  4.6
Crossbows      | 1 3 4 5 6 |  6.7
Polearms       | 1 2 3 |  3.4
Short Blades   | 1 |  1.1

Action                   |  1- 3 |  4- 6 |  7- 9 | 10-12 | 13-15 | 16-18 | 19-21 | 22-24 || total
-------------------------+-------+-------+-------+-------+-------+-------+-------+-------++-------
Melee: War axe           |   113 |   136 |   265 |   766 |  1286 |    40 |       |       ||  2606
       Short sword       |       |       |       |    11 |       |     9 |       |       ||    20
       Headbutt          |       |       |       |    19 |       |       |       |       ||    19
       Morningstar       |       |       |       |     9 |       |       |       |       ||     9
       Scimitar          |       |       |       |       |    83 |    48 |     9 |    25 ||   165
       Broad axe         |       |       |       |       |       |  1150 |  1110 |  1302 ||  3562
       Spear             |       |       |       |       |       |    12 |       |       ||    12
       Hand crossbow     |       |       |       |       |       |     3 |       |       ||     3
       Demon trident     |       |       |       |       |       |    23 |    10 |    18 ||    51
       Rapier            |       |       |       |       |       |     4 |       |       ||     4
       Eveningstar       |       |       |       |       |       |       |    87 |       ||    87
       Demon blade       |       |       |       |       |       |       |     8 |    22 ||    30
       Dagger            |       |       |       |       |       |       |       |    11 ||    11
       Eudemon blade     |       |       |       |       |       |       |       |    83 ||    83
 Fire: Hunting sling     |       |       |     2 |     1 |     8 |       |       |       ||    11
       Hand crossbow     |       |       |       |       |     9 |   140 |    33 |    76 ||   258
Throw: Dart              |       |       |    12 |    18 |    14 |    14 |    10 |    14 ||    82
       Boomerang         |       |       |       |       |    13 |    12 |     4 |       ||    29
       Javelin           |       |       |       |       |     6 |     8 |    46 |    45 ||   105
Invok: Lunge             |       |     6 |    13 |    45 |    70 |    78 |       |       ||   212
       Whirlwind         |       |       |    10 |   197 |   339 |   194 |   310 |   338 ||  1388
       Heavenly Storm    |       |       |       |       |     2 |     3 |     5 |     4 ||    14
 Abil: Wall Jump         |       |       |       |     1 |    15 |    19 |    25 |    22 ||    82
       Evoke Flight      |       |       |       |       |       |     5 |       |     1 ||     6
       Stop Flying       |       |       |       |       |       |     3 |       |       ||     3
       Evoke Blink       |       |       |       |       |       |     1 |     1 |     2 ||     4
Evoke: Wand              |       |    14 |     1 |     1 |    14 |    18 |     5 |     3 ||    56
       Condenser vane    |       |       |       |       |     1 |     1 |     4 |     1 ||     7
       Tin of tremorston |       |       |       |       |     1 |       |       |       ||     1
  Use: Scroll            |     2 |     6 |    10 |     8 |    16 |    21 |    12 |    16 ||    91
       Potion            |     2 |     7 |     5 |     5 |     4 |    12 |    11 |    10 ||    56
 Stab: Invisible         |       |       |       |       |     4 |       |       |       ||     4
       Petrified         |       |       |       |       |     1 |       |       |       ||     1
       Held in net/web   |       |       |       |       |       |     2 |       |       ||     2
       Confused          |       |       |       |       |       |       |     1 |       ||     1
Armor: Scale mail        |    71 |    37 |       |       |       |       |       |       ||   108
       Chain mail        |       |    34 |   130 |    56 |   122 |   692 |   305 |    38 ||  1377
       Plate armour      |       |       |       |   251 |   458 |       |       |    73 ||   782
       Gold dragon scale |       |       |       |       |       |       |       |   299 ||   299
Dodge: Dodged            |    51 |    38 |    51 |   167 |   332 |   303 |   193 |   201 ||  1336
Block: Kite shield       |    78 |    84 |   109 |   316 |   700 |   339 |       |       ||  1626
       Tower shield      |       |       |       |       |       |   805 |  1146 |  1220 ||  3171
       Rpst.: Scimitar   |       |       |       |       |     9 |       |       |     1 ||    10
       Demon blade       |       |       |       |       |       |       |     2 |       ||     2
       Eudemon blade     |       |       |       |       |       |       |       |     2 ||     2
